 Dungeon Crawl Stone Soup version 0.30-a0-778-g2ef04afb54 (webtiles) character file.

Game seed: 9885599341777613515

39 omnomnOMINOUS the Trooper (level 3, -2/27 HPs)
             Began as an Octopode Wanderer on Feb 15, 2023.
             Was a Follower of Uskayaw.
             Killed from afar by Robin (10 damage)
             ... with a bolt of light
             ... on level 2 of the Dungeon.
             The game lasted 00:04:19 (1080 turns).

omnomnOMINOUS the Trooper (Octopode Wanderer)       Turns: 1080, Time: 00:04:20

Health: -2/27      AC:  1    Str:  9    XL:     3   Next: 45%
Magic:  3/5        EV: 12    Int: 20    God:    Uskayaw [*.....]
Gold:   105        SH:  0    Dex:  9    Spells: 4/5 levels left

rFire   . . .      SeeInvis .    a - +0 short sword
rCold   . . .      Faith    .    (no shield)
rNeg    . . .      Spirit   .    (helmet restricted)
rPois   .          Reflect  .    (no amulet)
rElec   .          Harm     .    (no ring)
rCorr   .          Rampage  .    (no ring)
Will    .....                    (no ring)
Stlth   ++                       (no ring)
HPRegen 0.24/turn                (no ring)
MPRegen 0.09/turn                (no ring)
                                 (no ring)
                                 (no ring)

@: confused, mighty, lethally poisoned (-2 -> -5)
A: almost no armour, amphibious, 8 rings, camouflage 1, gelatinous body 1,
(nimble swimmer 1), tentacles
a: Renounce Religion, Stomp


You were on level 2 of the Dungeon.
You worshipped Uskayaw.
Uskayaw was noncommittal.
You visited 1 branch of the dungeon, and saw 2 of its levels.

You collected 105 gold pieces.

Inventory:

Hand Weapons
 a - a +0 short sword (weapon)
Missiles
 d - 6 poisoned darts (quivered)
Scrolls
 f - a scroll of poison {unknown}
 h - a scroll of immolation {unknown}
Potions
 b - a potion of invisibility
 e - a potion of heal wounds {unknown}
 g - a potion of cancellation {unknown}
 i - a potion of might
 j - a potion of flight {unknown}


   Skills:
 + Level 4.2 Fighting
 + Level 1.1 Dodging
 + Level 1.5 Spellcasting
 * Level 1.6 Conjurations
 - Level 2.0 Transmutations
 - Level 3.0 Fire Magic


You had 4 spell levels left.
You knew the following spells:

 Your Spells              Type           Power      Damage    Failure   Level
a - Foxfire               Conj/Fire      40%        2x1d6     6%          1

Your spell library contained the following spells:

 Spells                   Type           Power      Damage    Failure   Level
 Beastly Appendage        Tmut           18%        N/A       8%          1
 Ignite Poison            Fire/Tmut/Pois 8%         N/A       26%         3
 Kindle Blastsparks       Fire/Tloc/Air  10%        2d10      32%         3
 Flame Wave               Conj/Fire      10%        2d6       54%         4


Dungeon Overview and Level Annotations

Branches:
Dungeon (2/15)

Altars:
Uskayaw

Annotations:
D:2 Robin


Innate Abilities, Weirdness & Mutations

You cannot wear most types of armour.
You are amphibious.
You can wear up to eight rings at the same time.
Your skin changes colour to match your surroundings (Stealth+).
Your rubbery body absorbs attacks. (AC +1, EV +1)
((You are camouflaged when in or above water. (Stealth+)))
You have tentacles for arms and can constrict up to eight enemies at once.


Message History

Unknown command.
You feel better. The adder bites you.
You are poisoned.
The adder poisons you! Robin closely misses you.
Casting: Foxfire (safe; 6% risk of failure)
Confirm with . or Enter, or press ? or * to list all spells.
You conjure some foxfire!
You feel sick. The adder barely misses you.
A goblin comes into view. It is wielding a +0 club.
Robin hits you from afar with a +0 spear.
Your foxfire dissipates!
You feel sick.
The foxfire hits the adder.
The adder is lightly wounded.
Casting: Foxfire (safe; 6% risk of failure)
Confirm with . or Enter, or press ? or * to list all spells.
You conjure some foxfire!
You feel sick. The adder barely misses you.
The adder bites you but does no damage.
Robin flexes a bicep menacingly.
Robin hits you from afar with a +0 spear.
You closely miss the adder. Your grab misses the adder.
The adder is lightly wounded.
You feel sick.
The foxfire hits the adder.
The adder is moderately wounded.
The adder bites you.
You are more poisoned.
The adder poisons you! Robin misses you.
A goblin comes into view. It is wielding a +0 dagger.
A goblin comes into view. It is wielding a +0 club.
A goblin comes into view. It is wielding a +0 dagger.
It was a potion of might.
You feel very mighty all of a sudden.
You feel sick. The adder closely misses you.
Robin says, "A pitiful Octopus like you will never find the ORB!"
Robin hits you from afar with a +0 spear.
You puncture the adder! You grab the adder.
The adder is almost dead.
You constrict the adder.
You kill the adder!
You feel sick.
Robin zaps a wand.
The bolt of light hits you!
You are confused.
You die...

#.....(†# #.##.##.##
### #####.........
#.. >.##....##### #.#
#.##.##.#
#[#.##.##.##<#
#.#..........#
#v####.##.##.#
#@####.##.##.#
#.######†.....##....#
#.....)g###########.<
#######)# ...
#####g###### ...
#....g.....##
#.###g......###
#...........
g..............


You could see Robin (ally target) and 3 goblins.

Vanquished Creatures
  An adder (D:2)
  2 dart slugs (D:1)
  An endoplasm (D:1)
  A giant cockroach (D:1)
  7 goblins
  4 hobgoblins
  2 jackals (D:1)
  3 ball pythons (D:1)
  5 bats
  2 frilled lizards (D:1)
  2 kobolds (D:1)
  3 rats (D:1)
33 creatures vanquished.

Vanquished Creatures (others)
  45 foxfires
  5 plants (D:1)
50 creatures vanquished.

Grand Total: 83 creatures vanquished

Notes
Turn   | Place    | Note
-------+----------+-------------------------------------------
     0 | D:1      | omnomnOMINOUS the Octopode Wanderer began the quest for the
                  | Orb.
     0 | D:1      | omnomnOMINOUS set off with the following items: a +0 club,
                  | a potion of invisibility, a potion of curing; and the
                  | following spells available to memorise: Beastly Appendage,
                  | Foxfire, Ignite Poison, Kindle Blastsparks, Flame Wave.
     0 | D:1      | Reached XP level 1. HP: 17/17 MP: 2/2
    66 | D:1      | Learned a level 1 spell: Foxfire
   250 | D:1      | Reached XP level 2. HP: 15/22 MP: 1/3
   370 | D:1      | Reached skill level 1 in Conjurations
   628 | D:1      | Found a faded altar of an unknown god.
   639 | D:1      | Prayed at the altar of an unknown god.
   639 | D:1      | Became a worshipper of Uskayaw the Reveller
   639 | D:1      | Reached * piety under Uskayaw
   805 | D:1      | Reached XP level 3. HP: 27/27 MP: 5/5
   816 | D:1      | Reached skill level 1 in Dodging
   840 | D:1      | Reached ** piety under Uskayaw
  1068 | D:2      | Noticed Robin
  1080 | D:2      | Killed from afar by Robin

Illustrated notes

Levels and vault maps discovered:
D:1:      roderic_crop_circles_arrival_small, layout_basic, serial_corexii_hall,
          corexii_hall_statues_i, corexii_hall_statues_t,
          dreamdust_ecumenical_altar_hidden_monk_grotto
D:2:      layout_loops_cross, basic_altar, uniq_robin

Skill      XL: |  1  2  3 |
---------------+----------+-----
Conjurations   | 1 |  1.6
Dodging        | 1 |  1.1
Fighting       | |  4.2
Spellcasting   | |  1.5
Transmutations | |  2.0
Fire Magic     | |  3.0

Action                     || total
---------------------------++-------
  Melee: Short sword       ||    36
         Constrict         ||    12
         Tentacles         ||     5
         Club              ||     1
         Punch             ||     1
   Cast: Foxfire           ||    29
    Use: Potion            ||     2
   Stab: Sleeping          ||     5
 Armour: Skin              ||     4
  Dodge: Dodged            ||    33

Table legend: (Time is in decaauts)
 A = Elapsed time spent in this place.
 B = Non-inter-level travel time spent in this place.
 C = Inter-level travel time spent in this place.
 D = Time resting spent in this place.
 E = Time spent auto-exploring this place.
 F = Levels seen in this place.
 G = Mean time per level.
                   A        B        C        D        E       F      G
               +--------+--------+--------+--------+--------+-----+--------+
         Total |   1079 |   1045 |     34 |    104 |    680 |   2 |  539.5 |
       Dungeon |   1079 |   1045 |     34 |    104 |    680 |   2 |  539.5 |
               +--------+--------+--------+--------+--------+-----+--------+

Top non-repeatable levels by time:
     D:1: 978 daAuts
     D:2: 100 daAuts
